Map: Abyssal Reef LE

Players

ZhuGeLiang - Winner!

  • Race: Zerg Zerg
  • Spawn Location: 5:00

MediamanoEZ

  • Race: Protoss Protoss
  • Spawn Location: 11:00

Event: WCS Valencia 2017

VOD

Have the link to the VOD?

Description

Time

  • Played on: July 13, 2017, 6:31 a.m.
  • Length: 3:56

All games in this series

Show
View Real Time Build Order
Export as new Build Order

ZhuGeLiang Zerg - Winner!

Build Orders: Hatch First 

Get SALT Encoding   

  12  0:00  Drone  
  13  0:13  Overlord  
  13  0:17  Drone  
  14  0:31  Drone x2  
  14  0:35  Drone  
  17  0:52  Hatchery  
  17  0:55  Drone  
  17  0:57  Drone  
  17  1:03  Extractor  
  17  1:13  Spawning Pool  
  17  1:16  Drone  
  17  1:20  Drone  
  18  1:28  Drone  
  19  1:39  Overlord  
  19  1:51  Drone  
  20  1:59  Queen  
  20  2:01  Zergling x2  
  23  2:03  Queen  
  23  2:04  Metabolic Boost  
  23  2:08  Zergling x2  
  26  2:15  Drone  
  27  2:25  Drone  
  28  2:37  Hatchery  
  28  2:39  Baneling Nest  
  26  2:45  Zergling x4  
  26  2:48  Zergling x2  
  29  2:54  Overlord  
  29  3:00  Zergling x4  
  29  3:05  Zergling x2  
  32  3:06  Zergling x2  
  32  3:11  Zergling x2  
  34  3:15  Zergling x4  
  37  3:20  Zergling x2  
  37  3:21  Zergling x2  
  37  3:23  Baneling  
  37  3:24  Baneling  
  37  3:26  Baneling  
  38  3:27  Baneling  
  38  3:32  Baneling  
  38  3:33  Baneling  
  38  3:34  Zergling x2  
  38  3:37  Zergling x2  
Show
View Real Time Build Order
Export as new Build Order

MediamanoEZ Protoss 

Build Orders: Nexus First 

Get SALT Encoding   

  12  0:02  Probe (Chrono Boost)  
  13  0:21  Pylon  
  13  0:24  Probe (Chrono Boost)  
  14  0:34  Probe (Chrono Boost)  
  15  0:45  Probe (Chrono Boost)  
  16  0:57  Probe (Chrono Boost)  
  16  1:03  Nexus  
  17  1:12  Probe (Chrono Boost)  
  18  1:19  Gateway  
  18  1:25  Assimilator  
  18  1:29  Assimilator  
  18  1:39  Probe (Chrono Boost)  
  19  1:51  Pylon  
  19  1:55  Probe (Chrono Boost)  
  20  2:05  Probe (Chrono Boost)  
  20  2:06  Cybernetics Core  
  22  2:15  Probe (Chrono Boost)  
  22  2:16  Zealot, Probe (Chrono Boost)  
  25  2:26  Probe x2 (Chrono Boost)  
  26  2:37  Probe x2 (Chrono Boost)  
  28  2:46  Stargate  
  29  2:51  Probe (Chrono Boost)  
  29  2:58  Adept  
  31  3:04  Probe x2 (Chrono Boost)  
  31  3:05  Pylon  
  33  3:17  Mothership Core (Chrono Boost)  
  33  3:18  Probe (Chrono Boost)  
  36  3:24  Gateway  
  36  3:27  Gateway  
  36  3:29  Gateway  
  36  3:32  Probe (Chrono Boost)  
  37  3:35  Probe (Chrono Boost)  
  41  3:51  Pylon  
  41  3:52  Pylon  
Tags
 
Add a new tag
Caveats
  • Supply blocks, unpowered buildings, or Contaminate may cause inaccurate times.
  • Supply counts are checked every 10 seconds.